 Dungeon Crawl Stone Soup version 0.29.1-2-gbd0b4ee654 (webtiles) character file.

Game seed: 1021584568536234760

1014 xSliceyx the Protected (level 8, 62/62 HPs)
             Began as a Formicid Abyssal Knight on Nov 25, 2022.
             Was an Elder of Lugonu.
             Quit the game on level 5 of the Dungeon.
             The game lasted 00:19:44 (5859 turns).

xSliceyx the Protected (Formicid Abyssal Knight)    Turns: 5859, Time: 00:19:44

Health: 62/62      AC: 12    Str: 19    XL:     8   Next: 45%
Magic:  12/12      EV:  8    Int: 11    God:    Lugonu [****..]
Gold:   247        SH:  0    Dex: 14    Spells: 7/7 levels left

rFire   . . .      SeeInvis +   b - +6 sling (freeze)
rCold   . . .      Faith    .   (no shield)
rNeg    . . .      Spirit   .   r - +0 chain mail
rPois   .          Reflect  .   (helmet unavailable)
rElec   .          Harm     .   (no cloak)
rCorr   .          Rampage  .   d - +0 pair of gloves
Will    .....                   (no boots)
Stlth   ..........              (no amulet)
HPRegen 0.20/turn               (no ring)
MPRegen 0.13/turn               (no ring)

@: no status effects
A: permanent stasis, dig shafts and tunnels, antennae 3, four strong arms
a: Dig, Shaft Self, Renounce Religion, Depart the Abyss, Bend Space, Banish,
Corrupt


You were on level 5 of the Dungeon.
You worshipped Lugonu.
Lugonu was greatly pleased with you.
You visited 1 branch of the dungeon, and saw 5 of its levels.
You visited the Abyss 1 time.
You also visited: Sewer.

You collected 299 gold pieces.
You spent 52 gold pieces at shops.

Inventory:

Hand Weapons
 a - a +2 demon trident of electrocution
 b - a +6 sling of freezing (weapon)
Missiles
 c - 3 poisoned darts
 j - 2 curare-tipped darts
 t - 2 throwing nets
Armour
 d - a +0 pair of gloves (worn)
 r - a +0 chain mail (worn)
 x - a +0 plate armour
Jewellery
 f - a ring of wizardry
Wands
 B - a wand of charming (10)
Scrolls
 g - 2 scrolls of poison
 h - a scroll of immolation {unknown}
 m - 2 scrolls of teleportation {unknown}
 n - 3 scrolls of amnesia
 p - a scroll of enchant armour {unknown}
 u - a scroll of noise {unknown}
 v - 4 scrolls of blinking
 w - a scroll of silence {unknown}
 y - 2 scrolls of summoning {unknown}
 z - a scroll of fear
 D - a scroll of magic mapping
Potions
 e - a potion of curing {unknown}
 i - a potion of brilliance {unknown}
 k - a potion of flight
 l - 2 potions of haste
 o - a potion of might
 q - a potion of heal wounds {unknown}
 s - a potion of attraction {unknown}
 A - a potion of invisibility {unknown}
 C - a potion of mutation {unknown}


   Skills:
 - Level 5.0 Fighting
 - Level 2.0 Polearms
 - Level 8.0 Armour
 - Level 0.8 Dodging
 + Level 6.3 Invocations


You had 7 spell levels left.
You didn't know any spells.
Your spell library contained the following spells:

 Spells                   Type           Power      Damage    Failure   Level
 Apportation              Tloc           0%         N/A       97%         1
 Necrotise                Necr           0%         1d4       97%         1
 Summon Small Mammal      Summ           0%         N/A       97%         1
 Ensorcelled Hibernation  Hex/Ice        0%         N/A       99%         2
 Passwall                 Tmut/Erth      0%         N/A       99%         2
 Swiftness                Air            Unusable   N/A       N/A         3

Dungeon Overview and Level Annotations

Branches:
Dungeon (5/15)             Temple (0/1) D:4           Sewer (visited)

Altars:
Nemelex Xobeh
Xom

Shops:
D:2 !   D:5 *(


Innate Abilities, Weirdness & Mutations

You cannot be hasted, slowed, berserked, paralysed or teleported.
You can dig through walls and to a lower floor.
You have a pair of large antennae on your head. (SInv)
Your four strong arms can wield two-handed weapons with a shield.


Message History

You kill the orc!
Lugonu accepts your kill.
You puncture the iguana! Lightning courses through the iguana!
You kill the iguana!
Lugonu accepts your kill.
The orc priest invokes the aid of Beogh against you.
Beogh smites you!
Things that are here:
a +0 dagger; an iguana corpse You hit the orc priest.
You kill the orc priest!
Lugonu accepts your kill.
You start resting.
HP restored.
Items here: )) [ †.
You see here a staff of earth.
You open the door.
Found an escape hatch in the ceiling.
Your +2 demon trident of electrocution stops crackling.
Your +6 sling of freezing is covered in frost.
b - a +6 sling of freezing (weapon)
There is an open door here.
n - 3 scrolls of amnesia (gained 1)
You open the door.
There is an open door here.
There is an open door here.
You open the door.
Found a stone staircase leading up.
There is an open door here.
There is a stone staircase leading up here.
y - 2 scrolls labelled IGIL KIPHUH (gained 1)
You now have 240 gold pieces (gained 11).
There is an open door here.
You see here a staff of earth.
Found a sparkling altar of Nemelex Xobeh.
You now have 247 gold pieces (gained 7).
Done exploring.
Done exploring.
Search for what [Enter for "."]? .
Are you sure you want to abandon this character and quit the game? (Confirm with "yes".)

########....####....
##...#.##.....
#......<'.....
#....#.##.....
#.#.#.####....
#.##.## ##... #.####
##.. #####.##### ##'
#@........# #.
#.###.###.# #. #.#
#.....# ##. #.#
#####.# ##..
#.#######.# #...
#.........# ##..
#########.# ##.
#.########
#.........


There were no monsters in sight!

Vanquished Creatures
  2 water moccasins (D:5)
  An ice beast (D:5)
  An orc warrior (D:4)
  A black bear (D:5)
  2 bullfrogs (Sewer)
  2 jellies (D:4)
  An orc priest (D:5)
  Jessica (D:2)
  2 iguanas (D:5)
  2 orc wizards
  7 adders
  3 gnolls (D:3)
  An ufetubus (D:4)
  A worm (D:3)
  14 orcs
  7 bats
  4 endoplasms
  10 giant cockroaches
  4 goblins
  5 hobgoblins
  5 quokkas
  12 ball pythons
  12 frilled lizards
  3 kobolds
  2 rats
105 creatures vanquished.

Notes
Turn   | Place    | Note
-------+----------+-------------------------------------------
     0 | Abyss:1  | xSliceyx the Formicid Abyssal Knight began the quest for
                  | the Orb.
     0 | Abyss:1  | Reached XP level 1. HP: 18/18 MP: 2/2
   111 | Abyss:1  | Noticed an iron imp
   118 | Abyss:1  | Found a shimmering altar of Xom.
   120 | D:1      | Escaped the Abyss
   238 | D:1      | Reached XP level 2. HP: 24/24 MP: 3/3
   242 | D:1      | Reached skill level 3 in Armour
   551 | D:1      | Reached XP level 3. HP: 26/29 MP: 4/4
   697 | D:1      | Reached *** piety under Lugonu
   924 | D:2      | Noticed Jessica
   933 | D:2      | Killed Jessica
   934 | D:2      | Reached skill level 4 in Armour
   934 | D:2      | Reached XP level 4. HP: 29/35 MP: 5/5
  1387 | D:2      | Found Hiar's Distillery.
  1394 | D:2      | Bought a potion of might for 52 gold pieces
  1981 | D:3      | Reached skill level 5 in Armour
  2030 | D:3      | Reached XP level 5. HP: 28/41 MP: 6/6
  2647 | D:3      | Reached skill level 6 in Armour
  2766 | D:3      | Found a shimmering altar of Xom.
  3166 | D:4      | Found a staircase to the Ecumenical Temple.
  3170 | D:4      | Noticed an orc warrior
  3184 | D:4      | Killed an orc warrior
  3185 | D:4      | Reached skill level 7 in Armour
  3185 | D:4      | Reached XP level 6. HP: 42/47 MP: 7/7
  3234 | D:4      | Found a glowing drain.
  3239 | Sewer    | Entered a sewer
  3277 | Sewer    | Reached **** piety under Lugonu
  3624 | Sewer    | Reached XP level 7. HP: 44/52 MP: 8/8
  3626 | Sewer    | Reached skill level 8 in Armour
  4493 | D:5      | Entered Level 5 of the Dungeon
  4512 | D:5      | Noticed a water moccasin
  4520 | D:5      | Killed a water moccasin
  4521 | D:5      | Reached skill level 5 in Fighting
  4713 | D:5      | Reached XP level 8. HP: 46/62 MP: 9/11
  4849 | D:5      | Found Eseupeuc's Weapon Emporium.
  4980 | D:5      | Reached skill level 5 in Invocations
  5275 | D:5      | Found Ophi Kikyz's Gadget Gallery.
  5822 | D:5      | Found a sparkling altar of Nemelex Xobeh.
  5859 | D:5      | Quit the game

Illustrated notes

Levels and vault maps discovered:
D:1:      psy_arrival_dodecagon, layout_rooms, chequers_serial_rivers_marsh,
          grunt_decor_mini_mirrors, hangedman_decor_peaks_small,
          amcnicky_mini_corridor_feature
D:2:      layout_basic, serial_shops, shop, uniq_jessica
D:3:      layout_loops_ring, marbit_many_paths, nicolae_eternal_life
D:4:      layout_cave_pods, minmay_temple_entry_mini_moons, portal_sewer_entry_e
D:5:      layout_loops_corners, mainiacjoe_overflow_cross_hatched, serial_shops,
          shop, nrook_mini_backslash, nicolae_shop_gadgets

Skill      XL: |  1  2  3  4  5  6  7  8 |
---------------+-------------------------+-----
Armour         | 3 4 5 7 8 |  8.0
Fighting       | 5 |  5.0
Invocations    | 4 6 |  6.3
Polearms       | |  2.0
Dodging        | |  0.8

Action                   |  1- 3 |  4- 6 |  7- 9 || total
-------------------------+-------+-------+-------++-------
Melee: Spear             |    71 |   110 |       ||   181
       Demon trident     |       |    99 |    31 ||   130
       Punch             |       |       |     1 ||     1
 Fire: Sling             |       |       |    28 ||    28
Throw: Dart              |     1 |     4 |     4 ||     9
  Use: Scroll            |       |     6 |     2 ||     8
 Stab: Sleeping          |       |     1 |       ||     1
Armor: Leather armour    |    23 |    64 |       ||    87
       Chain mail        |       |       |    16 ||    16
Dodge: Dodged            |    39 |   112 |    14 ||   165
